 Dungeon Sprint DCSS version 0.17-a0-1920-gafa4d75 (webtiles) character file.

105803 esc the Impregnable (level 15, 0/168 HPs)
             Began as a Deep Dwarf Berserker on Sept 27, 2015.
             Was a High Priest of Trog.
             Slain by a reaper
             ... wielding a +3 scythe of venom
             ... summoned by a greater mummy's death curse
              (33 damage)
             ... in the Dungeon (Sprint III: "The Ten Rune Challenge").
             The game lasted 00:59:39 (5900 turns).

esc the Impregnable (Deep Dwarf Berserker)          Turns: 5900, Time: 00:59:39

Health: 0/168      AC: 29    Str: 22    XL:     15   Next: 16%
Magic:  10/10      EV: 33    Int: 12    God:    Trog [*****.]
Gold:   356        SH:  0    Dex: 28    Spells: 0 memorised, 14 levels left

rFire  + + .     SeeInvis +     k - +7 dire flail of Righteous Anger {speed, Int+2 Dex+3}
rCold  . . .     Clarity  +     R - +4 fire dragon armour {rF++, rC-}
rNeg   + + +     SustAt   .     (no shield)
rPois  +         Gourm    .     W - +0 mask of the Dragon {MR+ Slay+3 SInv}
rElec  +         Spirit   .     o - +0 cloak
rCorr  .         Warding  .     Y - +5 pair of gloves of Miracles {*Corrode rElec MR+ Str+2 Dex+4}
rMut   .         NoTele   +     (no boots)
MR     +++++                    F - amulet of clarity {Clar, !d}
Stlth  +.........               b - ring of Etoliept {rPois rC+ MP+9}
                                S - ring "Zorhul" {rPois rN++ MR+ Dex+4}

@: lethally poisoned (0 -> -6), non-regenerating, almost entirely resistant to
hostile enchantments, very unstealthy
A: damage resistance, recharge devices, antennae 1, negative energy resistance
1, sense surroundings 2, slow healing 3
a: Device Recharging, Burn Spellbooks, Berserk, Trog's Hand, Brothers in Arms,
Renounce Religion
}: 2/10 runes: decaying, barnacled


You were in the Dungeon.
You worshipped Trog.
Trog was extremely pleased with you.
You were not hungry.

You visited 1 branch You collected 5432 gold pieces.
You spent 5076 gold pieces at shops.

Inventory:

Hand weapons
 g - a +2 eveningstar of holy wrath
   (Trog gifted it to you in the Dungeon)
 k - the +7 dire flail of Righteous Anger (weapon) {speed, Int+2 Dex+3}
   (Trog gifted it to you in the Dungeon)

   Attacks with this weapon are significantly faster.
   It affects your intelligence (+2).
   It affects your dexterity (+3).
 t - a +0 antimagic halberd
   (Trog gifted it to you in the Dungeon)
 C - a +3 great mace of freezing
   (You took it off Edmund in the Dungeon)
 D - a +0 blowgun
   (You took it off Edmund in the Dungeon)
Missiles
 a - 4 steel javelins (quivered)
 B - 5 curare-tipped needles
 O - 2 throwing nets {=f, !d}
 P - 6 needles of sleeping
 Q - 11 javelins
Armour
 o - a +0 cloak (worn)
   (You took it off Crazy Yiuf in the Dungeon)
 K - the +3 hat of Pondering {ponderous, MR+ MP+10 Int+5}
   (You took it off Gastronok in the Dungeon)

   It affects your intelligence (+5).
   It affects your resistance to hostile enchantments.
   It affects your magic capacity (+10).
 R - a +4 fire dragon armour (worn) {rF++, rC-}
   (You bought it in a shop in the Dungeon)
 W - the +0 mask of the Dragon (worn) {MR+ Slay+3 SInv}
   (You acquired it in the Dungeon)

   It affects your accuracy and damage with ranged weapons and melee attacks
   (+3).
   It affects your resistance to hostile enchantments.
   It lets you see invisible.
 Y - the +5 pair of gloves of Miracles (worn) {*Corrode rElec MR+ Str+2 Dex+4}
   (You acquired it in the Dungeon)

   It affects your strength (+2).
   It affects your dexterity (+4).
   It insulates you from electricity.
   It affects your resistance to hostile enchantments.
   It may corrode your equipment when you take damage.
Rods
 U - a +2 iron rod (11/11)
   (You found it in the Dungeon)
Jewellery
 b - the ring of Etoliept (right hand) {rPois rC+ MP+9}
   (You found it in the Dungeon)

   [ring of poison resistance]

   It protects you from cold.
   It protects you from poison.
   It affects your magic capacity (+9).
 F - an amulet of clarity (around neck) {Clar, !d}
   (You bought it in a shop in the Dungeon)
 H - an uncursed ring of ice {rC+, rF-}
   (You bought it in a shop in the Dungeon)
 J - an uncursed amulet of resist corrosion {rCorr, !d}
   (You bought it in a shop in the Dungeon)
 S - the ring "Zorhul" (left hand) {rPois rN++ MR+ Dex+4}
   (You bought it in a shop in the Dungeon)

   [ring of poison resistance]

   It affects your dexterity (+4).
   It protects you from poison.
   It greatly protects you from negative energy.
   It affects your resistance to hostile enchantments.
 T - the ring "Kiwnoob" {+Fly Int+4}
   (You found it in the Dungeon)

   [ring of flight]

   It affects your intelligence (+4).
   It lets you fly.
Magical devices
 c - a wand of heal wounds (1)
 m - a wand of slowing (6)
   (You took it off Jessica in the Dungeon)
 v - a wand of flame (9)
   (You found it in the Dungeon)
 V - a wand of fire (8)
   (You found it in the Dungeon)
Scrolls
 l - 3 scrolls of remove curse
 q - 2 scrolls of torment {!r}
 y - a scroll of silence
 A - a scroll of fog
Potions
 e - 6 potions of curing
 f - 8 potions of heal wounds
 h - 3 potions of magic
 i - a potion of berserk rage {!q}
 n - a potion of cancellation
 p - 2 potions of mutation {!q}
 s - 4 potions of cure mutation {!q}
 w - 2 potions of flight
 z - a potion of might
 E - 3 potions of agility
 M - a potion of invisibility
 N - 2 potions of resistance
Books
 u - a book of Party Tricks
   (You found it in the Dungeon)
Miscellaneous
 x - a phial of floods
   (You found it in the Dungeon)
 I - a lamp of fire
   (You found it in the Dungeon)
 Z - a disc of storms
   (You found it in the Dungeon)
Comestibles
 d - 2 bread rations {@e1}
 G - 27 royal jellies


   Skills:
 + Level 19.6 Fighting
 + Level 21.0 Maces & Flails
 + Level 24.1 Armour
 + Level 22.5 Dodging
   Level 5.9 Shields


You had 14 spell levels left.
You didn't know any spells.

Dungeon Overview and Level Annotations

Branches:
Dungeon (1/1)

Altars:
Cheibriados
Dithmenos
Elyvilon
Fedhas
Gozag
Kikubaaqudgha
Makhleb
Nemelex Xobeh
Okawaru
Qazlal
Ru
Sif Muna
Trog
Vehumet
Xom
Yredelemnul
Zin
The Shining One
Jiyva
Lugonu

Shops:
D ?[=}=(

Annotations:
D exclusions: door and orange crystal statue, Chuck


Innate Abilities, Weirdness & Mutations

You are resistant to damage.
You can recharge devices by infusing magical energy.
You resist negative energy.
You passively map the area around you.
You do not heal naturally.
You have a pair of small antennae on your head.


Message History

You feel your intelligence returning. The greater mummy closely misses you.
The greater mummy completely misses you.
You hammer the greater mummy like a gong!!!
You hit the greater mummy.
The greater mummy casts a spell.
You impale the greater mummy!! You impale the greater mummy!!
The greater mummy calls on the powers of darkness!
Your body is wracked with pain!
The emperor scorpion convulses! x2
You take 38 damage, and have 84/162 hp.
MASSIVE DAMAGE!!
You hit the greater mummy.
The emperor scorpion stings you but does no damage.
The emperor scorpion closely misses you.
The emperor scorpion misses you.
You hit the greater mummy but do no damage.
You hit the greater mummy.
The emperor scorpion completely misses you.
The emperor scorpion misses you. The emperor scorpion claws you.
You thump the emperor scorpion! You puncture the greater mummy!
The greater mummy completely misses you.
The emperor scorpion stings you.
You are poisoned.
The emperor scorpion poisons you! The emperor scorpion misses you.
The emperor scorpion misses you.
You impale the greater mummy!!
You feel sick. The emperor scorpion stings you!!
The emperor scorpion misses you.
The emperor scorpion completely misses you.
You take 20 damage, and have 64/162 hp.
You hit the greater mummy but do no damage.
You feel sick.
You take 1 damage, and have 63/162 hp.
Unknown command.
You puncture the greater mummy!
You feel sick. The emperor scorpion stings you!!
* * * LOW HITPOINT WARNING * * *
The emperor scorpion claws you.
The emperor scorpion completely misses you.
The greater mummy casts a spell.
The emperor scorpion misses you.
The emperor scorpion completely misses you.
The emperor scorpion barely misses you.
You take 20 damage, and have 43/162 hp.
Unknown command.
You bludgeon the greater mummy!!
You feel sick.
You take 1 damage, and have 42/162 hp.
You hit the greater mummy but do no damage.
You feel sick.
The emperor scorpion completely misses you.
The emperor scorpion closely misses you.
The emperor scorpion misses you.
You take 1 damage, and have 41/162 hp.
You puncture the greater mummy!
You destroy the greater mummy!
Trog appreciates your killing of a magic user.
You feel extremely nervous for a moment...
Death has come for you...
Your Maces & Flails skill increases to level 21!
Your Armour skill increases to level 24!
You feel your intelligence returning.
You feel sick.
The emperor scorpion disappears in a puff of smoke! x3
The ynoxinul disappears in a puff of smoke!
The smoke demon disappears in a puff of smoke!
You take 1 damage, and have 40/164 hp.
Okay, then.
Unknown command.
Your skin crawls.
You feel resistant to hostile enchantments.
You feel slightly more hungry.
You feel very sick. The reaper completely misses you.
You take 2 damage, and have 38/164 hp.
You feel much better.
This wand has 1 charge left.
You feel very sick.
The guardian mummy completely misses you.
You regained 25 hp, and now have 63/168 hp.
You puncture the guardian mummy!
You feel sick.
You take 1 damage, and have 62/168 hp.
You completely miss the guardian mummy.
You feel sick.
The reaper hits you with a scythe of venom!
* * * LOW HITPOINT WARNING * * *
The guardian mummy hits you with a dagger of electrocution!
* * * LOW HITPOINT WARNING * * *
You take 19 damage, and have 43/168 hp.
You bludgeon the guardian mummy!!
You destroy the guardian mummy!
You feel extremely nervous for a moment...
Pain shoots through your body!
* * * LOW HITPOINT WARNING * * *
You feel sick.
You take 9 damage, and have 34/168 hp.
You bludgeon the reaper!!
You feel sick.
You take 1 damage, and have 33/168 hp.
You barely miss the reaper.
You feel sick.
The reaper hits you with a scythe of venom!!
You die...

,,,,,,,{▓..#.....^...^....#
***,,≈*{▓^.#..........^...#
,,**,≈*,▓..#..##########..#
*,,**+**▓..#..#.{{...)?#..#
**,**,,,▓..#..#...M.M.)#..#
**,****,▓..#.^#^..Ms.M.#..#
**,,,,,,▓..#^.#....sφ[{#..#
****+***▓^^#..#)########..#
+≈⌠,,,≈{▓..#..#)@.........#
*≈≈,≈,≈{▓..'.^#..2........#
*,≈,≈,≈,▓##################
*,,,≈,,,*******************
****+****,+,,,,*,,+,,,*,,,*
*,*,*,*,*,*,,,,*,**,,,*,,,*
,*,*,*,**,*,,,,*,,*≈≈≈*,,,*
*,*,*,*,*,****+**,*≈≈≈*,*,*
*********,*,,,,*,,*,,,*,*,*


You could see a reaper.

Vanquished Creatures
  2 greater mummies (D)
  Xtahua (D)
  2 bone dragons (D)
  A deep elf blademaster (D)
  Gastronok (D)
  2 sphinxes (D)
  Ilsuiw (D)
  Maud (D)
  4 azure jellies (D)
  A deep elf demonologist (D)
  A deep elf annihilator (D)
  2 vampire knights (D)
  Azrael (D)
  A dire elephant (D)
  Snorg (D)
  A merfolk javelineer (D)
  A deep elf death mage (D)
  A fire dragon (D)
  3 mummy priests (D)
  A deep elf high priest (D)
  3 yaktaur captains (D)
  2 centaur warriors (D)
  4 dancing weapons (D)
  4 death yaks (D)
  A deep elf knight (D)
  A small abomination (D)
  A sea snake (D)
  A skeletal warrior (D)
  An unseen horror (D)
  An orc knight (D)
  A lindwurm (D)
  A deep elf conjurer (D)
  An orc sorcerer (D)
  3 ugly things (D)
  A wolf spider (shapeshifter) (D)
  2 elephants (D)
  2 spiny frogs (D)
  2 black mambas (D)
  Edmund (D)
  A komodo dragon (D)
  2 yaktaurs (D)
  A fire drake (D)
  A deep elf priest (D)
  19 guardian mummies (D)
  A queen bee (D)
  3 spriggan defenders (D)
  A slime creature (D)
  An orc high priest (D)
  6 blink frogs (D)
  3 wandering mushrooms (D)
  A redback (shapeshifter) (D)
  3 redbacks (D)
  A spriggan (D)
  A shadow (D)
  A yak (shapeshifter) (D)
  2 orc warriors (D)
  A swamp drake (D)
  2 black mamba simulacra (D)
  A crocodile (shapeshifter) (D)
  A necrophage (D)
  2 centaurs (D)
  An earth elemental (D)
  2 brain worms (D)
  A water elemental (D)
  An electric eel (D)
  32 killer bees (D)
  5 orc priests (D)
  2 orc wizards (D)
  A jelly (D)
  Crazy Yiuf (D)
  Jessica (D)
  4 necromancers (D)
  A wizard (D)
  A wolf simulacrum (D)
  A polar bear simulacrum (D)
  3 humans (D)
  A sheep (D)
  A kobold demonologist (D)
  An adder zombie (D)
  An ooze (D)
  2 adder simulacra (D)
  7 orcs (D)
  A giant cockroach zombie (D)
  2 rats (D)
  A bush (D)
  A crawling corpse (D)
  2 plants (D)
194 creatures vanquished.

Vanquished Creatures (collateral kills)
  Sigmund (D)
  Rupert (D)
  Polyphemus (D)
  A deep elf demonologist (D)
  A deep elf annihilator (D)
  A dire elephant (D)
  A mummy priest (D)
  2 fire dragons (D)
  3 hydras (D)
  An orc high priest (D)
  A death drake (D)
  2 deep elf knights (D)
  A spriggan druid (D)
  2 guardian mummies (D)
  A deep elf priest (D)
  A spriggan defender (D)
  2 blink frogs (D)
  A spriggan (D)
  An orc warrior (D)
  2 sheep (D)
  An orc (D)
  A crawling corpse (D)
29 creatures vanquished.

Vanquished Creatures (others)
  2 draconian scorchers (D)
  2 fire drakes (D)
  3 yaktaurs (D)
  3 guardian mummies (D)
  7 plants (D)
17 creatures vanquished.

Grand Total: 240 creatures vanquished

Notes
Turn   | Place    | Note
--------------------------------------------------------------
     0 | D        | esc the Deep Dwarf Berserker began the quest for the Orb.
     0 | D        | Reached XP level 1. HP: 20/20 MP: 1/1
    10 | D        | Reached skill level 3 in Fighting
    13 | D        | Acquired Trog's second power
    38 | D        | Noticed Jessica
    43 | D        | Killed Jessica
    43 | D        | Reached skill level 4 in Maces & Flails
    43 | D        | Reached skill level 4 in Armour
    43 | D        | Reached skill level 3 in Dodging
    43 | D        | Reached XP level 2. HP: 30/30 MP: 2/2
    43 | D        | Reached XP level 3. HP: 36/36 MP: 3/3
    89 | D        | Noticed Crazy Yiuf
    95 | D        | Killed Crazy Yiuf
    95 | D        | Reached skill level 4 in Fighting
    95 | D        | Reached skill level 4 in Dodging
    99 | D        | Reached skill level 5 in Maces & Flails
    99 | D        | Reached XP level 4. HP: 45/45 MP: 4/4
   142 | D        | Killed a fire drake
   150 | D        | Noticed a water elemental
   156 | D        | HP: 7/67 [water elemental (11)]
   157 | D        | Killed a water elemental
   157 | D        | Reached skill level 5 in Fighting
   157 | D        | Reached skill level 5 in Armour
   157 | D        | Reached skill level 5 in Dodging
   157 | D        | Reached XP level 5. HP: 7/52 MP: 5/5
   176 | D        | Killed a white draconian scorcher
   180 | D        | Killed a yaktaur
   209 | D        | Found a glowing silver altar of Zin.
   210 | D        | Killed a white draconian scorcher
   216 | D        | Found a glowing golden altar of the Shining One.
   216 | D        | Found a white marble altar of Elyvilon.
   216 | D        | Noticed a deep elf priest
   227 | D        | Killed a deep elf priest
   227 | D        | Reached skill level 6 in Fighting
   227 | D        | Reached skill level 7 in Maces & Flails
   227 | D        | Reached skill level 7 in Armour
   227 | D        | Reached skill level 7 in Dodging
   227 | D        | Reached XP level 6. HP: 20/63 MP: 6/6
   269 | D        | Found an iron altar of Okawaru.
   269 | D        | Found a bloodstained altar of Trog.
   269 | D        | Noticed a human
   269 | D        | Noticed a human
   277 | D        | Killed a human
   277 | D        | Reached skill level 7 in Fighting
   277 | D        | Reached skill level 8 in Maces & Flails
   277 | D        | Reached skill level 8 in Armour
   277 | D        | Reached skill level 8 in Dodging
   277 | D        | Reached XP level 7. HP: 72/72 MP: 7/7
   285 | D        | Killed a human
   285 | D        | Reached skill level 9 in Armour
   285 | D        | Reached skill level 9 in Dodging
   293 | D        | Killed a fire drake
   319 | D        | Found a basalt altar of Yredelemnul.
   319 | D        | Found a snail-covered altar of Cheibriados.
   319 | D        | Found a blossoming altar of Fedhas.
   319 | D        | Noticed a necrophage
   319 | D        | Noticed a necromancer
   324 | D        | Killed a necromancer
   324 | D        | Acquired Trog's third power
   329 | D        | Killed a necrophage
   329 | D        | Reached skill level 8 in Fighting
   349 | D        | Found a radiant altar of Vehumet.
   349 | D        | Found a deep blue altar of Sif Muna.
   349 | D        | Found an ancient bone altar of Kikubaaqudgha.
   349 | D        | Noticed a wizard
   352 | D        | Killed a wizard
   377 | D        | Noticed a jelly
   378 | D        | Noticed a shadow
   385 | D        | Killed a jelly
   385 | D        | Reached skill level 9 in Maces & Flails
   392 | D        | HP: 11/74 [something (27)]
   405 | D        | HP: 25/111 [shadow (6)]
   406 | D        | Killed a shadow
   454 | D        | Found a stormy altar of Qazlal.
   454 | D        | Found a sacrificial altar of Ru.
   454 | D        | Found a burning altar of Makhleb.
   454 | D        | Found a shimmering altar of Xom.
   455 | D        | Noticed a spatial vortex
   455 | D        | Found a viscous altar of Jiyva.
   455 | D        | Found a shadowy altar of Dithmenos.
   455 | D        | Found a sparkling altar of Nemelex Xobeh.
   455 | D        | Found a corrupted altar of Lugonu.
   455 | D        | Found an opulent altar of Gozag.
   495 | D        | Noticed Snorg
   515 | D        | HP: 14/75 [Snorg (11)]
   516 | D        | Killed Snorg
   516 | D        | Reached skill level 9 in Fighting
   516 | D        | Reached skill level 10 in Maces & Flails
   516 | D        | Reached skill level 11 in Armour
   516 | D        | Reached skill level 11 in Dodging
   516 | D        | Reached XP level 8. HP: 15/85 MP: 7/7
   555 | D        | Noticed an orc priest
   555 | D        | Noticed an orc knight
   555 | D        | Noticed an orc warrior
   555 | D        | Noticed an orc warrior
   556 | D        | Noticed an orc high priest
   557 | D        | Noticed an orc wizard
   560 | D        | Killed an orc warrior
   562 | D        | Noticed an orc warrior
   574 | D        | Noticed a blue devil
   577 | D        | Killed an orc high priest
   577 | D        | Gained mutation: You passively map the area around you. [Deep Dwarf growth]
   577 | D        | Reached XP level 9. HP: 65/93 MP: 6/6
   584 | D        | Killed an orc knight
   584 | D        | Reached skill level 10 in Fighting
   584 | D        | Reached skill level 11 in Maces & Flails
   587 | D        | Killed an orc wizard
   596 | D        | Killed an orc warrior
   596 | D        | Reached skill level 12 in Dodging
   611 | D        | Noticed an orc priest
   624 | D        | HP: 20/94 [orc priest/divine providence (7)]
   628 | D        | Killed an orc warrior
   628 | D        | Received a gift from Trog
   628 | D        | Reached skill level 12 in Armour
   630 | D        | Noticed an orc sorcerer
   634 | D        | Killed an orc priest
   635 | D        | Noticed a hellwing
   643 | D        | HP: 23/94 [orc sorcerer/dagger (4)]
   650 | D        | Killed an orc sorcerer
   658 | D        | Killed an orc priest
   658 | D        | Received a gift from Trog
   662 | D        | Noticed an orc wizard
   671 | D        | Killed an orc wizard
   743 | D        | Found Acasepte's Gadget Shop.
   778 | D        | Noticed a deep elf knight
   778 | D        | Noticed a deep elf knight
   778 | D        | Noticed a deep elf priest
   778 | D        | Noticed a deep elf conjurer
   778 | D        | Noticed a deep elf knight
   794 | D        | Killed a deep elf knight
   799 | D        | Killed a deep elf knight
   799 | D        | Received a gift from Trog
   799 | D        | Reached skill level 11 in Fighting
   799 | D        | Reached skill level 12 in Maces & Flails
   799 | D        | Reached XP level 10. HP: 68/104 MP: 7/7
   823 | D        | Killed a deep elf knight
   823 | D        | Reached skill level 13 in Armour
   823 | D        | Reached skill level 13 in Dodging
   824 | D        | Killed a deep elf priest
   835 | D        | Noticed a deep elf demonologist
   837 | D        | Killed a deep elf conjurer
   838 | D        | Noticed a deep elf high priest
   840 | D        | Noticed a deep elf annihilator
   840 | D        | HP: 19/105 [deep elf high priest/burst of hellfire (25)]
   884 | D        | Noticed an earth elemental
   892 | D        | Killed an earth elemental
   935 | D        | Noticed a centaur
   935 | D        | Noticed a centaur warrior
   935 | D        | Noticed a centaur
   941 | D        | Killed a centaur warrior
   941 | D        | Reached skill level 2 in Shields
   943 | D        | Killed a centaur
   943 | D        | Received a gift from Trog
   946 | D        | Killed a centaur
  1076 | D        | Killed an unseen horror
  1076 | D        | Reached skill level 3 in Shields
  1086 | D        | Noticed Sigmund
  1086 | D        | Noticed Edmund
  1089 | D        | Killed Sigmund
  1089 | D        | Reached skill level 12 in Fighting
  1089 | D        | Reached skill level 13 in Maces & Flails
  1089 | D        | Reached skill level 14 in Armour
  1089 | D        | Reached skill level 14 in Dodging
  1089 | D        | Reached skill level 5 in Shields
  1089 | D        | Reached XP level 11. HP: 104/114 MP: 6/6
  1110 | D        | Killed Edmund
  1165 | D        | Noticed an orc priest
  1165 | D        | Noticed an orc priest
  1166 | D        | Noticed an orc high priest
  1167 | D        | Noticed an orc priest
  1175 | D        | Killed an orc priest
  1175 | D        | Received a gift from Trog
  1180 | D        | Killed an orc high priest
  1189 | D        | Killed an orc priest
  1196 | D        | Killed an orc priest
  1196 | D        | Received a gift from Trog
  1227 | D        | Noticed an orange crystal statue
  1260 | D        | Noticed a wandering mushroom
  1264 | D        | Noticed a wandering mushroom
  1266 | D        | Noticed a wandering mushroom
  1274 | D        | Killed a wandering mushroom
  1282 | D        | Killed a wandering mushroom
  1288 | D        | Killed a wandering mushroom
  1294 | D        | Noticed a spiny frog
  1294 | D        | Noticed a komodo dragon
  1294 | D        | Noticed a spiny frog
  1299 | D        | Killed a spiny frog
  1317 | D        | Killed a spiny frog
  1325 | D        | Killed a komodo dragon
  1352 | D        | Noticed a swamp drake
  1352 | D        | Noticed a fire drake
  1359 | D        | Killed a fire drake
  1364 | D        | Killed a swamp drake
  1379 | D        | Noticed a redback
  1382 | D        | Killed a redback
  1384 | D        | Noticed a brain worm
  1386 | D        | Killed a brain worm
  1390 | D        | Noticed a brain worm
  1393 | D        | Killed a brain worm
  1397 | D        | Noticed a lindwurm
  1400 | D        | Noticed a redback
  1401 | D        | Killed a lindwurm
  1401 | D        | Received a gift from Trog
  1401 | D        | Reached skill level 13 in Fighting
  1401 | D        | Reached skill level 14 in Maces & Flails
  1401 | D        | Reached skill level 15 in Armour
  1401 | D        | Reached skill level 15 in Dodging
  1404 | D        | Killed a redback
  1413 | D        | Noticed a redback
  1417 | D        | Killed a redback
  1420 | D        | Killed a yaktaur
  1421 | D        | Noticed Maud
  1441 | D        | Killed Maud
  1450 | D        | Noticed an electric eel
  1451 | D        | Noticed a seven-headed hydra
  1451 | D        | Noticed a four-headed hydra
  1499 | D        | Killed a seven-headed hydra
  1502 | D        | Killed a four-headed hydra
  1512 | D        | Killed an electric eel
  1521 | D        | Found a blossoming altar of Fedhas.
  1521 | D        | Noticed a spriggan
  1521 | D        | Noticed a spriggan druid
  1521 | D        | Noticed a death drake
  1521 | D        | Noticed a spriggan
  1521 | D        | Paralysed by a spriggan for 5 turns
  1526 | D        | Killed a death drake
  1526 | D        | Received a gift from Trog
  1529 | D        | Killed a spriggan druid
  1530 | D        | Killed a spriggan
  1535 | D        | Killed a spriggan
  1540 | D        | Noticed a blink frog
  1544 | D        | Killed a blink frog
  1573 | D        | Noticed a fire dragon
  1598 | D        | Killed a fire dragon
  1606 | D        | Noticed a fire dragon
  1610 | D        | Killed a fire dragon
  1610 | D        | Reached skill level 16 in Armour
  1617 | D        | Found Vank's Jewellery Emporium.
  1617 | D        | Found Oddekhlei's Antique Weapon Shop.
  1620 | D        | Found Yxau's Distillery.
  1630 | D        | Bought a potion of curing for 39 gold pieces
  1630 | D        | Bought a potion of might for 52 gold pieces
  1630 | D        | Bought a potion of curing for 39 gold pieces
  1630 | D        | Bought a potion of curing for 39 gold pieces
  1630 | D        | Bought a potion of heal wounds for 65 gold pieces
  1630 | D        | Bought a potion of flight for 39 gold pieces
  1630 | D        | Bought a potion of agility for 52 gold pieces
  1630 | D        | Bought 2 potions of heal wounds for 130 gold pieces
  1630 | D        | Bought a potion of beneficial mutation for 455 gold pieces
  1630 | D        | Bought 2 potions of agility for 104 gold pieces
  1630 | D        | Gained mutation: You have a pair of small antennae on your head. [potion of beneficial mutation]
  1634 | D        | Bought an uncursed amulet of clarity for 260 gold pieces
  1634 | D        | Bought an uncursed ring of poison resistance for 260 gold pieces
  1634 | D        | Bought an uncursed ring of ice for 325 gold pieces
  1634 | D        | Bought a +2 ring of evasion for 130 gold pieces
  1634 | D        | Bought an uncursed amulet of resist corrosion for 260 gold pieces
  1651 | D        | Noticed a seven-headed hydra
  1651 | D        | Noticed Xtahua
  1654 | D        | Killed an eight-headed hydra
  1654 | D        | Reached skill level 16 in Dodging
  1658 | D        | HP: 10/118 [Xtahua/searing blast (78)]
  1667 | D        | Killed Xtahua
  1667 | D        | Reached skill level 14 in Fighting
  1667 | D        | Reached skill level 15 in Maces & Flails
  1667 | D        | Reached XP level 12. HP: 64/128 MP: 5/5
  1677 | D        | Got a decaying rune of Zot
  1707 | D        | Noticed a death yak
  1714 | D        | Killed a death yak
  1789 | D        | Noticed a blink frog
  1789 | D        | Noticed a blink frog
  1790 | D        | Noticed a blink frog
  1791 | D        | Noticed a blink frog
  1796 | D        | Killed a blink frog
  1798 | D        | Killed a blink frog
  1800 | D        | Killed a blink frog
  1805 | D        | Killed a blink frog
  1819 | D        | Noticed Rupert
  1826 | D        | Killed Rupert
  1834 | D        | Noticed an azure jelly
  1834 | D        | Noticed an azure jelly
  1834 | D        | Noticed an azure jelly
  1834 | D        | Noticed an azure jelly
  1835 | D        | Noticed an elephant
  1835 | D        | Noticed an elephant
  1835 | D        | Noticed a dire elephant
  1835 | D        | Noticed a dire elephant
  1835 | D        | Noticed Gastronok
  1840 | D        | Killed a dire elephant
  1845 | D        | Killed a dire elephant
  1848 | D        | Killed an elephant
  1848 | D        | Reached skill level 17 in Armour
  1853 | D        | Killed an elephant
  1853 | D        | Reached skill level 17 in Dodging
  1868 | D        | Killed Gastronok
  1868 | D        | Received a gift from Trog
  1868 | D        | Reached skill level 16 in Maces & Flails
  1922 | D        | Noticed a death yak
  1922 | D        | Noticed a blink frog
  1923 | D        | Noticed a death yak
  1927 | D        | Noticed a blink frog
  1928 | D        | Noticed a death yak
  1929 | D        | Killed a death yak
  1929 | D        | Reached skill level 15 in Fighting
  1934 | D        | Killed a death yak
  1942 | D        | Killed a death yak
  1943 | D        | Killed a blink frog
  1947 | D        | Killed a blink frog
  1987 | D        | Noticed a black mamba
  1988 | D        | Noticed a black mamba
  1993 | D        | Killed a black mamba
  1993 | D        | Received a gift from Trog
  1998 | D        | Killed a black mamba
  2006 | D        | Noticed a blink frog
  2006 | D        | Noticed Polyphemus
  2017 | D        | Killed a blink frog
  2023 | D        | Killed Polyphemus
  2023 | D        | Reached skill level 18 in Armour
  2043 | D        | Noticed Ilsuiw
  2044 | D        | Found Sehiduolu's Magic Scroll Shoppe.
  2044 | D        | Noticed a sea snake
  2047 | D        | Found Yhaanko's Antique Armour Boutique.
  2059 | D        | Killed Ilsuiw
  2059 | D        | Received a gift from Trog
  2059 | D        | Reached skill level 18 in Dodging
  2059 | D        | Reached XP level 13. HP: 75/140 MP: 5/5
  2062 | D        | Killed a sea snake
  2081 | D        | Found Vynneir's Jewellery Emporium.
  2082 | D        | Noticed a merfolk javelineer
  2100 | D        | Killed a merfolk javelineer
  2100 | D        | Received a gift from Trog
  2100 | D        | Reached skill level 17 in Maces & Flails
  2119 | D        | Bought a shiny fire dragon armour for 1560 gold pieces
  2120 | D        | Bought the ring "Zorhul" {rPois rN++ MR+ Dex+4} for 721 gold pieces
  2139 | D        | Bought a scroll of enchant weapon for 105 gold pieces
  2139 | D        | Bought a scroll of remove curse for 42 gold pieces
  2139 | D        | Bought a scroll of magic mapping for 49 gold pieces
  2139 | D        | Bought a scroll of enchant armour for 105 gold pieces
  2139 | D        | Bought a scroll of enchant armour for 105 gold pieces
  2139 | D        | Bought a scroll of identify for 28 gold pieces
  2144 | D        | Bought a scroll of identify for 28 gold pieces
  2144 | D        | Bought a scroll of identify for 28 gold pieces
  2147 | D        | Bought a scroll of identify for 28 gold pieces
  2147 | D        | Bought a scroll of identify for 28 gold pieces
  2165 | D        | Got a barnacled rune of Zot
  2231 | D        | Killed an azure jelly
  2234 | D        | Killed an azure jelly
  2234 | D        | Reached skill level 16 in Fighting
  2238 | D        | Killed an azure jelly
  2245 | D        | Killed an azure jelly
  2329 | D        | Noticed a killer bee
  2329 | D        | Noticed a killer bee
  2329 | D        | Noticed a killer bee
  2329 | D        | Noticed a killer bee
  2329 | D        | Noticed a killer bee
  2329 | D        | Noticed a killer bee
  2329 | D        | Noticed a killer bee
  2329 | D        | Noticed a killer bee
  2329 | D        | Noticed a killer bee
  2329 | D        | Noticed a killer bee
  2329 | D        | Noticed a killer bee
  2329 | D        | Noticed a killer bee
  2329 | D        | Noticed a killer bee
  2329 | D        | Noticed a killer bee
  2329 | D        | Noticed a killer bee
  2329 | D        | Noticed a killer bee
  2329 | D        | Noticed a killer bee
  2330 | D        | Noticed a killer bee
  2331 | D        | Noticed a killer bee
  2331 | D        | Noticed a killer bee
  2331 | D        | Noticed a killer bee
  2332 | D        | Noticed a killer bee
  2334 | D        | Killed a killer bee
  2335 | D        | Noticed a killer bee
  2335 | D        | Killed a killer bee
  2336 | D        | Killed a killer bee
  2336 | D        | Received a gift from Trog
  2337 | D        | Noticed a killer bee
  2338 | D        | Noticed a killer bee
  2338 | D        | Killed a killer bee
  2339 | D        | Noticed a queen bee
  2340 | D        | Noticed a killer bee
  2340 | D        | Noticed a killer bee
  2343 | D        | Noticed a killer bee
  2343 | D        | Noticed a killer bee
  2344 | D        | Killed a killer bee
  2345 | D        | Noticed a killer bee
  2347 | D        | Killed a killer bee
  2348 | D        | Noticed a killer bee
  2349 | D        | Noticed a killer bee
  2349 | D        | Killed a killer bee
  2350 | D        | Killed a killer bee
  2354 | D        | Killed a killer bee
  2355 | D        | Killed a killer bee
  2361 | D        | Killed a killer bee
  2366 | D        | Killed a killer bee
  2370 | D        | Killed a killer bee
  2371 | D        | Killed a killer bee
  2371 | D        | Received a gift from Trog
  2373 | D        | Killed a killer bee
  2374 | D        | Killed a killer bee
  2375 | D        | Killed a killer bee
  2376 | D        | Killed a killer bee
  2377 | D        | Killed a killer bee
  2383 | D        | Killed a killer bee
  2383 | D        | Reached skill level 19 in Armour
  2390 | D        | Killed a killer bee
  2393 | D        | Killed a killer bee
  2396 | D        | Killed a killer bee
  2398 | D        | Killed a killer bee
  2399 | D        | Killed a killer bee
  2399 | D        | Received a gift from Trog
  2400 | D        | Killed a killer bee
  2401 | D        | Killed a killer bee
  2402 | D        | Killed a killer bee
  2404 | D        | Killed a killer bee
  2405 | D        | Killed a killer bee
  2411 | D        | Killed a killer bee
  2419 | D        | Killed a killer bee
  2422 | D        | Killed a queen bee
  2422 | D        | Received a gift from Trog
  2422 | D        | Reached skill level 19 in Dodging
  2562 | D        | Noticed a deep elf annihilator
  2562 | D        | Noticed a deep elf demonologist
  2562 | D        | Noticed a deep elf death mage
  2563 | D        | Noticed a deep elf blademaster
  2569 | D        | Killed a deep elf annihilator
  2570 | D        | Killed a ghostly deep elf annihilator
  2573 | D        | Noticed a balrug
  2576 | D        | Killed a deep elf demonologist
  2581 | D        | Killed a ghostly deep elf demonologist
  2585 | D        | Killed a deep elf high priest
  2589 | D        | HP: 48/213 [deep elf blademaster (7)]
  2591 | D        | HP: 20/142 [deep elf blademaster (9)]
  2598 | D        | Killed a deep elf death mage
  2603 | D        | HP: 29/142 [deep elf blademaster (10)]
  2607 | D        | Killed a deep elf demonologist
  2608 | D        | HP: 32/142 [deep elf blademaster (6)]
  2615 | D        | Killed a ghostly deep elf death mage
  2615 | D        | Reached skill level 18 in Maces & Flails
  2617 | D        | HP: 34/142 [deep elf blademaster (4)]
  2618 | D        | Killed a deep elf blademaster
  2631 | D        | Got a dazzling chain mail
  2647 | D        | Got a clouded amber ring
  2649 | D        | Identified the ring "Kiwnoob" {+Fly Int+4} (You found it in the Dungeon)
  2659 | D        | Identified Guhiast's Grimoire of Bewitching Attacks
  2685 | D        | Identified the +8 chain mail of the Vaults {Int+5 Dex+4} (You took it off a deep elf blademaster in the Dungeon)
  2706 | D        | Got an encrusted leather armour
  2720 | D        | Identified the +2 leather armour "Coatz" {rF++ Regen+ Dex-2 Slay+3} (You took it off a deep elf death mage in the Dungeon)
  2756 | D        | Killed a deep elf annihilator
  2756 | D        | Reached skill level 17 in Fighting
  2808 | D        | Noticed a yaktaur
  2809 | D        | Noticed a yaktaur captain
  2816 | D        | Noticed a yaktaur captain
  2819 | D        | Noticed a yaktaur
  2822 | D        | Killed a yaktaur
  2833 | D        | Killed a yaktaur captain
  2848 | D        | Killed a yaktaur captain
  2848 | D        | Reached skill level 20 in Armour
  2855 | D        | Killed a yaktaur
  2903 | D        | Noticed Azrael
  2911 | D        | Killed Azrael
  2917 | D        | Got a pair of fine gloves
  2923 | D        | Identified the +5 pair of gloves of Miracles {*Corrode rElec MR+ Str+2 Dex+4} (You acquired it in the Dungeon)
  3028 | D        | Noticed a black mamba simulacrum
  3028 | D        | Noticed a polar bear simulacrum
  3029 | D        | Noticed a black mamba simulacrum
  3029 | D        | Noticed a wolf simulacrum
  3032 | D        | Killed a wolf simulacrum
  3034 | D        | Killed a polar bear simulacrum
  3038 | D        | Killed a black mamba simulacrum
  3041 | D        | Killed a black mamba simulacrum
  3051 | D        | Got a brightly glowing brass ring
  3051 | D        | HP: 27/144 [something (24)]
  3060 | D        | HP: 17/144 [something (20)]
  3693 | D        | Killed a yaktaur
  4594 | D        | Identified the ring of Etoliept {rPois rC+ MP+9} (You found it in the Dungeon)
  4643 | D        | Received a gift from Trog
  4781 | D        | Noticed a spriggan defender
  4782 | D        | Noticed a spriggan defender
  4782 | D        | Noticed a spriggan defender
  4782 | D        | Noticed a spriggan defender
  4786 | D        | Killed a spriggan defender
  4790 | D        | Killed a spriggan defender
  4790 | D        | Reached skill level 20 in Dodging
  4806 | D        | Killed a spriggan defender
  4806 | D        | Gained mutation: You resist negative energy. [Deep Dwarf growth]
  4806 | D        | Reached XP level 14. HP: 153/153 MP: 1/1
  4810 | D        | Killed a spriggan defender
  4861 | D        | Noticed a shock serpent
  4865 | D        | a shock serpent changed into a mana viper
  4910 | D        | Got a spiked hat
  4921 | D        | Identified the cursed +0 hat of Deocviz {Dex+2} (You found it in the Dungeon)
  4937 | D        | Noticed a centaur warrior
  4943 | D        | Killed a centaur warrior
  4943 | D        | Received a gift from Trog
  4953 | D        | Noticed a fire dragon
  4963 | D        | Killed a fire dragon
  4985 | D        | Noticed a long sword of draining
  4985 | D        | Noticed a vampiric scimitar
  4985 | D        | Noticed a long sword of holy wrath
  4991 | D        | Killed a vampiric scimitar
  4993 | D        | Noticed a short sword of venom
  4994 | D        | Killed a long sword of draining
  4994 | D        | Reached skill level 21 in Armour
  4998 | D        | Killed a short sword of venom
  5004 | D        | Killed a long sword of holy wrath
  5004 | D        | Reached skill level 19 in Maces & Flails
  5025 | D        | Noticed a redback
  5025 | D        | Noticed a slime creature
  5025 | D        | Noticed a mana viper
  5025 | D        | a redback changed into a boulder beetle
  5027 | D        | Noticed a red ugly thing
  5027 | D        | a mana viper changed into a yaktaur
  5029 | D        | Noticed a purple ugly thing
  5029 | D        | Killed a slime creature
  5030 | D        | Noticed a red ugly thing
  5039 | D        | Killed a red ugly thing
  5042 | D        | Killed a red ugly thing
  5042 | D        | Received a gift from Trog
  5044 | D        | Got a fine long sword {god gift}
  5052 | D        | Killed a red ugly thing
  5063 | D        | Noticed a yaktaur captain
  5073 | D        | HP: 27/154 [yaktaur captain (17)]
  5078 | D        | Killed a yaktaur captain
  5148 | D        | Noticed Chuck
  5170 | D        | Noticed a bone dragon
  5188 | D        | Killed a bone dragon
  5188 | D        | Reached skill level 18 in Fighting
  5188 | D        | Reached skill level 22 in Armour
  5191 | D        | Noticed a guardian mummy
  5193 | D        | Killed a guardian mummy
  5195 | D        | Noticed a necromancer
  5198 | D        | Killed a necromancer
  5201 | D        | Noticed a skeletal warrior
  5206 | D        | Killed a skeletal warrior
  5209 | D        | Noticed a vampire knight
  5215 | D        | Killed a vampire knight
  5215 | D        | Received a gift from Trog
  5216 | D        | Got a faintly glowing dire flail {god gift}
  5217 | D        | Identified the +7 dire flail of Righteous Anger {speed, Int+2 Dex+3} (Trog gifted it to you in the Dungeon)
  5223 | D        | Noticed a guardian mummy
  5227 | D        | Killed a guardian mummy
  5227 | D        | Reached skill level 21 in Dodging
  5250 | D        | Noticed a necromancer
  5258 | D        | Killed a necromancer
  5262 | D        | Noticed a necromancer
  5264 | D        | Killed a necromancer
  5271 | D        | Noticed a guardian mummy
  5273 | D        | Killed a guardian mummy
  5296 | D        | Noticed a vampire knight
  5311 | D        | Killed a vampire knight
  5315 | D        | Noticed a guardian mummy
  5323 | D        | Killed a guardian mummy
  5325 | D        | Noticed a bone dragon
  5342 | D        | Killed a bone dragon
  5342 | D        | Reached skill level 23 in Armour
  5345 | D        | Noticed a guardian mummy
  5351 | D        | Killed a guardian mummy
  5366 | D        | Noticed a sphinx
  5366 | D        | Noticed a sphinx
  5379 | D        | Killed a sphinx
  5379 | D        | Reached skill level 20 in Maces & Flails
  5386 | D        | Killed a sphinx
  5397 | D        | Noticed a guardian mummy
  5404 | D        | Killed a guardian mummy
  5407 | D        | Noticed a guardian mummy
  5418 | D        | Killed a guardian mummy
  5421 | D        | Noticed a guardian mummy
  5434 | D        | Killed a guardian mummy
  5450 | D        | Noticed a guardian mummy
  5459 | D        | Killed a guardian mummy
  5462 | D        | Noticed a guardian mummy
  5473 | D        | Killed a guardian mummy
  5476 | D        | Noticed a guardian mummy
  5483 | D        | Killed a guardian mummy
  5487 | D        | Noticed a guardian mummy
  5494 | D        | Killed a guardian mummy
  5497 | D        | Noticed a guardian mummy
  5497 | D        | Noticed a mummy priest
  5497 | D        | Noticed a guardian mummy
  5500 | D        | Killed a guardian mummy
  5501 | D        | Noticed a guardian mummy
  5501 | D        | Noticed a guardian mummy
  5507 | D        | Killed a guardian mummy
  5510 | D        | Killed a guardian mummy
  5511 | D        | Killed a guardian mummy
  5515 | D        | Killed a mummy priest
  5521 | D        | Killed a guardian mummy
  5529 | D        | Killed a guardian mummy
  5564 | D        | Killed a guardian mummy
  5565 | D        | Noticed a guardian mummy
  5567 | D        | Noticed a guardian mummy
  5571 | D        | Killed a guardian mummy
  5571 | D        | Reached skill level 19 in Fighting
  5576 | D        | Killed a guardian mummy
  5581 | D        | Noticed a mummy priest
  5588 | D        | Killed a mummy priest
  5590 | D        | Noticed a guardian mummy
  5590 | D        | Noticed a guardian mummy
  5590 | D        | Noticed a mummy priest
  5590 | D        | Noticed a guardian mummy
  5590 | D        | Noticed a mummy priest
  5590 | D        | Noticed a greater mummy
  5590 | D        | Noticed a mummy priest
  5590 | D        | Noticed a greater mummy
  5591 | D        | Noticed an emperor scorpion
  5591 | D        | Noticed an emperor scorpion
  5591 | D        | Noticed an emperor scorpion
  5591 | D        | Noticed an emperor scorpion
  5669 | D        | Killed a greater mummy
  5669 | D        | Reached skill level 22 in Dodging
  5669 | D        | Reached XP level 15. HP: 58/162 MP: 1/1
  5676 | D        | Killed a guardian mummy
  5780 | D        | Killed a mummy priest
  5806 | D        | Killed a mummy priest
  5868 | D        | Killed a guardian mummy
  5893 | D        | Killed a greater mummy
  5893 | D        | Reached skill level 21 in Maces & Flails
  5893 | D        | Reached skill level 24 in Armour
  5893 | D        | HP: 40/164 [poisoned by an emperor scorpion]
  5898 | D        | Killed a guardian mummy
  5898 | D        | HP: 34/168 [guardian mummy's death curse (9)]
  5900 | D        | Slain by a reaper

Vault maps used:
D:        dungeon_sprint_mu

Action                   |  1- 3 |  4- 6 |  7- 9 | 10-12 | 13-15 || total
-------------------------+-------+-------+-------+-------+-------++-------
Melee: Mace              |    14 |    19 |   142 |       |       ||   175
       Eveningstar       |       |       |     6 |    52 |       ||    58
       Great mace        |       |       |       |   221 |   349 ||   570
       Dire flail        |       |       |       |       |   227 ||   227
 Fire: Blowgun           |       |       |       |     3 |       ||     3
Invok: Berserk           |     2 |     3 |     5 |     6 |     4 ||    20
       Trog's Hand       |     1 |     1 |     4 |     6 |    23 ||    35
       Brothers in Arms  |       |       |     4 |    12 |    11 ||    27
       Burn Spellbooks   |       |       |       |       |     2 ||     2
 Abil: Device Recharging |       |       |     3 |     5 |     6 ||    14
       Evoke Flight      |       |       |       |       |     5 ||     5
Evoke: Wand              |     1 |     4 |    12 |    20 |    24 ||    61
       Lamp of fire      |       |       |       |       |     1 ||     1
       Phial of floods   |       |       |       |       |     1 ||     1
  Use: Scroll            |       |     3 |       |       |    16 ||    19
       Potion            |       |       |     1 |     2 |     2 ||     5
 Stab: Sleeping          |     1 |       |       |       |       ||     1
       Distracted        |       |       |       |     2 |       ||     2
  Eat: Chunk             |       |     2 |     9 |    12 |     4 ||    27
       Royal jelly       |       |       |       |     1 |     4 ||     5
       Fruit             |       |       |       |       |    12 ||    12
       Meat ration       |       |       |       |       |     1 ||     1

Vault maps used:
D:        dungeon_sprint_mu

Table legend:
 A = Turns spent in this place as a percentage of turns spent in the entire game.
 B = Non-inter-level travel turns spent in this place as a percentage of non-inter-level travel turns spent in the entire game.
 C = Inter-level travel turns spent in this place as a percentage of turns spent in this place.
 D = Turns resting spent in this place as a percentage of non-inter-level travel turns spent in this place.
 E = Turns spent auto-exploring this place as a percentage of non-inter-level travel turns spent in this place.
 F = Non-inter-level travel turns spent in this place divided by the number of levels of this place that you've seen.
                   A       B       C       D       E      F
               +-------+-------+-------+-------+-------+----------------------
         Total | 100.0 | 100.0 |   0.1 |   3.5 |   0.6 | 3221.0
       Dungeon | 100.0 | 100.0 |   0.1 |   3.5 |   0.6 | 3221.0
               +-------+-------+-------+-------+-------+----------------------

Table legend:
 A = Kills in this place as a percentage of kills in entire the game.
 B = Kills by you in this place as a percentage of kills by you in the entire game.
 C = Kills by friends in this place as a percentage of kills by friends in the entire game.
 D = Other kills in this place as a percentage of other kills in the entire game.
 E = Experience gained in this place as a percentage of experience gained in the entire game.
 F = Experience gained in this place divided by the number of levels of this place that you have seen.
                   A       B       C       D       E      F
               +-------+-------+-------+-------+-------+----------------------
         Total | 100.0 | 100.0 | 100.0 |  -nan | 100.0 | 111148.0
       Dungeon | 100.0 | 100.0 | 100.0 |  -nan | 100.0 | 111148.0
               +-------+-------+-------+-------+-------+----------------------
